General information
- name: BNet
- type: Ladder team game (AT/RT)
- host: Battle.net
- saver: PIZZAFAN1739
map: Mur'gulOasis
- players: 8
- length: 30:08
- speed: Fast
- version: 1.26 W3XP
- replay type:

» download(296 KB)
Players
team 1 (winner)
Birdeneering (
blue | 130 APM | 3914 actions | 30:08)
5 Blademaster
2 Wind Walk
3 Critical Strike
5 Shadow Hunter
3 Hex
2 Healing Wave
» actions
| Assign group hotkey | 797 | |
| Basic commands | 18 | |
| Build / train | 81 | |
| Enter build submenu | 50 | |
| Enter hero's abilities submenu | 10 | |
| Give item / drop item | 7 | |
| Right click | 1948 | |
| Select / deselect | 320 | |
| Select group hotkey | 445 | |
| Use ability | 238 | |
3914 total
» units
» upgrades
| Reinforced Defenses | 1 | |
| Liquid Fire | 1 | |
2 total
» buildings
| Altar of Storms | 1 | |
| Orc Burrow | 7 | |
| War Mill | 1 | |
| Watch Tower | 27 | |
| Voodoo Lounge | 3 | |
| Stronghold | 1 | |
| Beastiary | 2 | |
| Fortress | 1 | |
43 total
» build order
00:06 Altar of Storms
00:19 Orc Burrow
00:49 War Mill
02:01 Watch Tower
02:07 Watch Tower
02:15 Voodoo Lounge
02:37 Watch Tower
02:54 Stronghold
03:47 Watch Tower
03:49 Watch Tower
04:07 Voodoo Lounge
04:57 Watch Tower
04:58 Orc Burrow
05:16 Watch Tower
05:27 Watch Tower
05:31 Watch Tower
05:52 Watch Tower
05:54 Orc Burrow
06:02 Orc Burrow
06:02 Orc Burrow
06:04 Orc Burrow
06:29 Watch Tower
06:42 Orc Burrow
07:40 Watch Tower
07:44 Watch Tower
08:10 Watch Tower
08:14 Beastiary
08:47 Watch Tower
08:50 Watch Tower
09:05 Fortress
09:55 Watch Tower
10:30 Watch Tower
10:35 Beastiary
10:39 Watch Tower
10:49 Voodoo Lounge
11:11 Watch Tower
11:35 Watch Tower
11:48 Watch Tower
12:07 Watch Tower
12:30 Watch Tower
12:31 Watch Tower
14:47 Watch Tower
15:54 Watch Tower
» items
| Healing Salve | 4 | |
| Lesser Clarity Potion | 5 | |
| Scroll of Town Portal | 1 | |
| Orb of Lightning | 2 | |
| Boots of Speed | 2 | |
| Staff of Teleportation | 2 | |
16 total
NUTSONYOCHIN.DE (
yellow | 83 APM | 2494 actions | 30:08)
6 Warden
3 Shadow Strike
3 Blink
» actions
| Assign group hotkey | 3 | |
| Basic commands | 11 | |
| Build / train | 41 | |
| Enter build submenu | 16 | |
| Enter hero's abilities submenu | 6 | |
| Right click | 1633 | |
| Select / deselect | 121 | |
| Select group hotkey | 367 | |
| Use ability | 293 | |
2494 total
» units
» upgrades
| Well Spring | 1 | |
| Ultravision | 1 | |
| Nature's Blessing | 1 | |
3 total
» buildings
| Altar of Elders | 1 | |
| Moon Well | 10 | |
| Tree of Ages | 1 | |
| Tree of Eternity | 2 | |
| Tree of Life | 1 | |
| Ancient of Wonders | 2 | |
| Hunter's Hall | 1 | |
18 total
» build order
00:23 Altar of Elders
00:24 Moon Well
02:29 Moon Well
05:50 Tree of Ages
08:34 Moon Well
08:34 Moon Well
09:36 Tree of Eternity
09:37 Tree of Eternity
10:03 Tree of Life
12:17 Ancient of Wonders
12:23 Moon Well
12:24 Moon Well
13:02 Hunter's Hall
21:29 Moon Well
21:30 Moon Well
21:30 Moon Well
22:16 Ancient of Wonders
22:47 Moon Well
» items
| Staff of Teleportation | 1 | |
| Healing Salve | 2 | |
| Boots of Speed | 2 | |
| Lesser Clarity Potion | 1 | |
| Orb of Venom | 1 | |
7 total
PIZZAFAN1739 (
red | 112 APM | 3382 actions | 30:08)
5 Archmage
3 Blizzard
2 Brilliance Aura
4 Mountain King
2 Storm Bolt
2 Bash
» actions
| Assign group hotkey | 17 | |
| Basic commands | 9 | |
| Build / train | 130 | |
| Enter build submenu | 81 | |
| Enter hero's abilities submenu | 9 | |
| Give item / drop item | 3 | |
| Right click | 2102 | |
| Select / deselect | 469 | |
| Select group hotkey | 308 | |
| Use ability | 251 | |
3382 total
» units
| Peasant | 11 | |
| Priest | 1 | |
| Dragonhawk Rider | 11 | |
23 total
» upgrades
| Masonry | 3 | |
| Magic Sentry | 1 | |
| Armor | 2 | |
| Swords | 1 | |
| Cloud | 1 | |
8 total
» buildings
| Altar of Kings | 1 | |
| Farm | 7 | |
| Lumber Mill | 1 | |
| Scout Tower | 100 | |
| Arcane Tower | 11 | |
| Guard Tower | 58 | |
| Keep | 2 | |
| Gryphon Aviary | 2 | |
| Arcane Sanctum | 1 | |
| Arcane Vault | 1 | |
| Blacksmith | 1 | |
| Castle | 1 | |
| Barracks | 1 | |
187 total
» build order
00:16 Altar of Kings
00:20 Farm
00:36 Lumber Mill
00:59 Scout Tower
01:04 Farm
01:26 Arcane Tower
01:27 Arcane Tower
01:27 Arcane Tower
01:28 Scout Tower
01:58 Guard Tower
01:58 Guard Tower
02:00 Scout Tower
02:10 Scout Tower
02:29 Guard Tower
03:04 Guard Tower
03:06 Scout Tower
03:24 Scout Tower
03:27 Scout Tower
03:35 Guard Tower
04:17 Scout Tower
04:18 Scout Tower
04:19 Scout Tower
04:20 Scout Tower
04:23 Guard Tower
04:24 Guard Tower
04:24 Guard Tower
04:25 Scout Tower
04:30 Scout Tower
04:31 Scout Tower
04:31 Scout Tower
04:32 Scout Tower
04:34 Scout Tower
04:36 Scout Tower
04:55 Guard Tower
04:57 Guard Tower
04:57 Guard Tower
04:58 Scout Tower
04:59 Scout Tower
05:05 Guard Tower
05:34 Guard Tower
05:36 Guard Tower
05:36 Keep
05:36 Keep
06:06 Guard Tower
06:09 Guard Tower
06:10 Guard Tower
06:10 Guard Tower
06:13 Scout Tower
06:35 Arcane Tower
06:36 Guard Tower
06:37 Farm
06:45 Scout Tower
06:46 Guard Tower
06:48 Scout Tower
06:49 Scout Tower
06:55 Arcane Tower
06:56 Guard Tower
07:01 Scout Tower
07:02 Scout Tower
07:03 Scout Tower
07:47 Guard Tower
07:56 Farm
08:12 Guard Tower
08:15 Scout Tower
08:17 Scout Tower
08:19 Scout Tower
08:24 Guard Tower
09:02 Guard Tower
10:01 Guard Tower
10:01 Guard Tower
10:32 Scout Tower
10:39 Scout Tower
11:07 Gryphon Aviary
11:08 Gryphon Aviary
11:12 Guard Tower
11:16 Scout Tower
11:17 Scout Tower
11:20 Arcane Tower
11:21 Scout Tower
11:23 Scout Tower
11:31 Scout Tower
11:31 Scout Tower
11:32 Scout Tower
11:33 Scout Tower
11:34 Scout Tower
11:34 Scout Tower
11:39 Farm
11:42 Farm
12:10 Arcane Tower
12:14 Arcane Sanctum
12:32 Arcane Tower
12:33 Guard Tower
12:36 Scout Tower
12:37 Scout Tower
12:52 Arcane Vault
13:07 Guard Tower
13:09 Guard Tower
13:14 Arcane Tower
13:16 Scout Tower
13:17 Scout Tower
13:18 Scout Tower
13:51 Guard Tower
13:51 Guard Tower
13:54 Guard Tower
15:56 Scout Tower
16:12 Guard Tower
16:13 Guard Tower
16:13 Guard Tower
17:18 Blacksmith
17:30 Scout Tower
17:31 Scout Tower
18:13 Guard Tower
18:25 Guard Tower
18:33 Scout Tower
18:34 Scout Tower
18:36 Scout Tower
18:48 Farm
18:55 Castle
19:01 Guard Tower
19:47 Scout Tower
19:47 Scout Tower
19:48 Scout Tower
19:51 Scout Tower
19:51 Scout Tower
19:52 Scout Tower
20:06 Guard Tower
20:17 Arcane Tower
20:18 Guard Tower
20:54 Guard Tower
20:54 Guard Tower
21:37 Guard Tower
21:40 Scout Tower
21:41 Scout Tower
21:42 Scout Tower
21:43 Scout Tower
21:43 Scout Tower
22:10 Barracks
22:13 Guard Tower
22:13 Guard Tower
22:31 Scout Tower
22:38 Guard Tower
22:41 Guard Tower
22:52 Guard Tower
23:06 Guard Tower
23:33 Guard Tower
23:35 Scout Tower
24:04 Scout Tower
24:32 Guard Tower
24:35 Scout Tower
24:36 Scout Tower
24:37 Scout Tower
25:44 Guard Tower
25:49 Arcane Tower
26:57 Guard Tower
27:31 Scout Tower
27:32 Scout Tower
27:32 Scout Tower
27:34 Scout Tower
27:35 Scout Tower
27:36 Scout Tower
27:54 Scout Tower
27:55 Scout Tower
27:57 Scout Tower
27:57 Scout Tower
28:47 Guard Tower
28:54 Scout Tower
28:55 Scout Tower
28:57 Scout Tower
28:57 Scout Tower
28:58 Scout Tower
28:59 Scout Tower
28:59 Scout Tower
29:00 Scout Tower
29:01 Scout Tower
29:02 Scout Tower
29:03 Scout Tower
29:03 Scout Tower
29:04 Scout Tower
29:05 Scout Tower
29:06 Scout Tower
29:07 Scout Tower
29:08 Scout Tower
29:08 Scout Tower
29:09 Scout Tower
29:11 Scout Tower
» items
| Healing Salve | 2 | |
| Boots of Speed | 2 | |
| Staff of Teleportation | 2 | |
| Staff of Sanctuary | 1 | |
7 total
TEK9 (
purple | 117 APM | 3525 actions | 30:08)
4 Blademaster
2 Wind Walk
2 Critical Strike
3 Tauren Chieftain
2 Shockwave
1 Endurance Aura
2 Pandaren Brewmaster
1 Breath of Fire
1 Drunken Brawler
» actions
| Assign group hotkey | 8 | |
| Basic commands | 20 | |
| Build / train | 63 | |
| ESC pressed | 6 | |
| Enter build submenu | 59 | |
| Enter hero's abilities submenu | 9 | |
| Give item / drop item | 3 | |
| Right click | 1962 | |
| Select / deselect | 367 | |
| Select group hotkey | 833 | |
| Use ability | 192 | |
3525 total
» units
» upgrades
| Spiked Barricades | 1 | |
| Reinforced Defenses | 1 | |
| Liquid Fire | 1 | |
| Ranged Weapons | 1 | |
4 total
» buildings
| Altar of Storms | 2 | |
| Orc Burrow | 5 | |
| War Mill | 1 | |
| Watch Tower | 41 | |
| Stronghold | 2 | |
| Beastiary | 3 | |
| Fortress | 1 | |
| Voodoo Lounge | 2 | |
57 total
» build order
00:09 Altar of Storms
00:11 Altar of Storms
00:21 Orc Burrow
00:39 War Mill
01:53 Watch Tower
02:57 Watch Tower
02:59 Watch Tower
03:02 Watch Tower
03:24 Orc Burrow
03:47 Watch Tower
03:49 Watch Tower
03:51 Watch Tower
05:04 Watch Tower
05:08 Watch Tower
05:11 Watch Tower
05:28 Stronghold
05:28 Stronghold
06:00 Watch Tower
06:01 Watch Tower
06:03 Watch Tower
06:04 Watch Tower
06:34 Watch Tower
06:35 Watch Tower
06:38 Watch Tower
08:04 Beastiary
08:05 Beastiary
08:25 Watch Tower
08:26 Watch Tower
09:01 Orc Burrow
09:15 Fortress
09:19 Voodoo Lounge
11:04 Beastiary
11:37 Orc Burrow
12:25 Watch Tower
12:26 Watch Tower
12:28 Watch Tower
12:29 Watch Tower
12:31 Watch Tower
12:31 Watch Tower
13:03 Orc Burrow
16:24 Watch Tower
16:25 Watch Tower
16:26 Watch Tower
16:28 Watch Tower
17:07 Watch Tower
17:08 Watch Tower
17:10 Watch Tower
17:11 Watch Tower
17:15 Watch Tower
18:36 Watch Tower
18:37 Watch Tower
18:38 Watch Tower
19:08 Watch Tower
19:17 Voodoo Lounge
19:42 Watch Tower
20:46 Watch Tower
20:47 Watch Tower
» items
| Boots of Speed | 3 | |
| Staff of Teleportation | 3 | |
| Circlet of Nobility | 2 | |
| Healing Salve | 3 | |
| Lesser Clarity Potion | 3 | |
| Orb of Lightning | 3 | |
17 total
team 2 (loser)
Rio23. (
green | 29 APM | 877 actions | 29:59)
2 Pit Lord
1 Rain of Fire
1 Cleaving Attack
» actions
| Basic commands | 2 | |
| Build / train | 90 | |
| Enter build submenu | 27 | |
| Enter hero's abilities submenu | 2 | |
| Remove unit from queue | 1 | |
| Right click | 361 | |
| Select / deselect | 341 | |
| Use ability | 52 | |
877 total
» units
| Peasant | 41 | |
| Rifleman | 8 | |
| Siege Engine | 22 | |
71 total
» upgrades
» buildings
| Farm | 8 | |
| Altar of Kings | 1 | |
| Lumber Mill | 1 | |
| Keep | 1 | |
| Barracks | 1 | |
| Blacksmith | 1 | |
| Scout Tower | 11 | |
| Workshop | 3 | |
| Guard Tower | 9 | |
| Castle | 1 | |
| Arcane Tower | 1 | |
38 total
» build order
00:54 Farm
01:31 Altar of Kings
01:38 Lumber Mill
02:59 Keep
04:22 Farm
05:44 Barracks
05:48 Blacksmith
06:25 Farm
06:30 Scout Tower
08:57 Farm
14:35 Workshop
14:42 Farm
16:55 Scout Tower
17:04 Scout Tower
17:21 Scout Tower
17:23 Guard Tower
17:27 Scout Tower
17:31 Guard Tower
17:39 Scout Tower
17:47 Scout Tower
17:50 Scout Tower
17:55 Guard Tower
18:02 Scout Tower
18:04 Guard Tower
18:11 Guard Tower
18:15 Scout Tower
18:17 Castle
18:25 Guard Tower
18:43 Guard Tower
18:50 Arcane Tower
18:59 Scout Tower
19:13 Guard Tower
19:34 Guard Tower
21:16 Workshop
22:39 Workshop
23:13 Farm
23:22 Farm
24:05 Farm
romka_jr (
teal | 44 APM | 1313 actions | 30:02)
3 Pit Lord
2 Rain of Fire
1 Howl of Terror
» actions
| Basic commands | 17 | |
| Build / train | 66 | |
| Enter build submenu | 53 | |
| Enter hero's abilities submenu | 3 | |
| Remove unit from queue | 3 | |
| Right click | 655 | |
| Select / deselect | 432 | |
| Use ability | 84 | |
1313 total
» units
» upgrades
» buildings
| Moon Well | 5 | |
| Altar of Elders | 1 | |
| Hunter's Hall | 2 | |
| Ancient of War | 1 | |
| Ancient of Wonders | 1 | |
| Ancient Protector | 22 | |
| Tree of Life | 4 | |
| Tree of Ages | 1 | |
| Tree of Eternity | 2 | |
| Ancient of Lore | 2 | |
| Ancient of Wind | 1 | |
42 total
» build order
00:11 Moon Well
01:16 Altar of Elders
04:22 Moon Well
10:37 Hunter's Hall
10:42 Hunter's Hall
10:52 Ancient of War
12:36 Ancient of Wonders
12:43 Moon Well
13:20 Ancient Protector
13:25 Ancient Protector
13:37 Tree of Life
13:45 Ancient Protector
14:32 Tree of Life
14:52 Ancient Protector
15:40 Tree of Life
16:21 Ancient Protector
16:26 Ancient Protector
16:43 Ancient Protector
17:16 Ancient Protector
18:13 Ancient Protector
18:19 Tree of Ages
18:56 Ancient Protector
19:36 Ancient Protector
20:51 Tree of Eternity
20:56 Ancient Protector
20:59 Ancient Protector
22:15 Ancient Protector
22:19 Ancient Protector
24:22 Ancient of Lore
24:23 Tree of Eternity
24:28 Ancient of Lore
24:48 Ancient Protector
24:59 Ancient Protector
25:02 Ancient Protector
25:04 Ancient Protector
25:08 Ancient Protector
25:11 Ancient Protector
25:26 Ancient Protector
26:27 Moon Well
27:10 Tree of Life
28:10 Ancient of Wind
28:13 Moon Well
solo)noob_old (
orange | 131 APM | 3956 actions | 30:05)
4 Pit Lord
2 Rain of Fire
2 Howl of Terror
3 Pandaren Brewmaster
2 Breath of Fire
1 Drunken Haze
4 Death Knight
2 Death Coil
2 Unholy Aura
» actions
| Assign group hotkey | 81 | |
| Basic commands | 97 | |
| Build / train | 87 | |
| ESC pressed | 1 | |
| Enter build submenu | 41 | |
| Enter hero's abilities submenu | 11 | |
| Give item / drop item | 1 | |
| Remove unit from queue | 4 | |
| Right click | 1474 | |
| Select / deselect | 523 | |
| Select group hotkey | 1519 | |
| Use ability | 117 | |
3956 total
» units
| Acolyte | 9 | |
| Ghoul | 3 | |
| Crypt Fiend | 9 | |
| Frost Wyrm | 9 | |
| Obsidian Statue | 1 | |
31 total
» upgrades
| Web | 1 | |
| Creature Attack | 3 | |
| Freezing Breath | 1 | |
| Creature Carapace | 3 | |
| Backpack | 0 | |
8 total
» buildings
| Graveyard | 2 | |
| Crypt | 2 | |
| Ziggurat | 15 | |
| Halls of the Dead | 3 | |
| Altar of Darkness | 1 | |
| Nerubian Tower | 4 | |
| Black Citadel | 1 | |
| Sacrificial Pit | 1 | |
| Boneyard | 5 | |
| Temple of the Damned | 1 | |
| Tomb of Relics | 1 | |
| Spirit Tower | 2 | |
| Necropolis | 1 | |
| Slaughterhouse | 1 | |
40 total
» build order
00:08 Graveyard
00:09 Crypt
00:12 Ziggurat
00:38 Halls of the Dead
00:38 Halls of the Dead
01:01 Altar of Darkness
01:08 Graveyard
01:12 Ziggurat
01:24 Crypt
02:09 Ziggurat
02:25 Ziggurat
02:27 Nerubian Tower
03:10 Black Citadel
03:38 Sacrificial Pit
04:45 Ziggurat
04:49 Ziggurat
05:44 Boneyard
05:49 Boneyard
05:51 Boneyard
06:12 Temple of the Damned
06:14 Tomb of Relics
06:37 Boneyard
07:06 Boneyard
09:32 Ziggurat
09:33 Ziggurat
10:09 Ziggurat
12:26 Spirit Tower
12:28 Nerubian Tower
14:46 Ziggurat
16:58 Necropolis
18:47 Ziggurat
18:57 Ziggurat
19:15 Ziggurat
19:57 Nerubian Tower
20:07 Ziggurat
20:12 Spirit Tower
20:28 Ziggurat
20:30 Nerubian Tower
27:13 Slaughterhouse
» items
| Scroll of Town Portal | 8 | |
| Dust of Appearance | 2 | |
| Scroll of Healing | 1 | |
| Potion of Healing | 3 | |
14 total
u3_JIeCa (
pink | 60 APM | 1819 actions | 30:07)
4 Death Knight
2 Death Coil
2 Unholy Aura
» actions
| Assign group hotkey | 13 | |
| Basic commands | 1 | |
| Build / train | 48 | |
| Enter build submenu | 11 | |
| Enter hero's abilities submenu | 4 | |
| Right click | 1164 | |
| Select / deselect | 413 | |
| Select group hotkey | 113 | |
| Use ability | 52 | |
1819 total
» units
| Acolyte | 5 | |
| Ghoul | 8 | |
| Crypt Fiend | 7 | |
20 total
» buildings
| Graveyard | 1 | |
| Crypt | 1 | |
| Ziggurat | 6 | |
| Altar of Darkness | 1 | |
| Tomb of Relics | 1 | |
| Nerubian Tower | 4 | |
| Halls of the Dead | 5 | |
| Spirit Tower | 6 | |
| Black Citadel | 3 | |
28 total
» build order
00:07 Graveyard
00:09 Crypt
00:37 Ziggurat
00:57 Altar of Darkness
01:10 Tomb of Relics
02:20 Ziggurat
02:30 Nerubian Tower
02:30 Nerubian Tower
02:30 Nerubian Tower
03:41 Halls of the Dead
03:41 Halls of the Dead
03:41 Halls of the Dead
03:42 Halls of the Dead
04:05 Spirit Tower
04:05 Spirit Tower
06:54 Black Citadel
06:54 Black Citadel
06:55 Black Citadel
07:23 Ziggurat
07:26 Ziggurat
08:02 Ziggurat
08:05 Ziggurat
15:23 Spirit Tower
15:24 Spirit Tower
15:40 Spirit Tower
» items
Chat log
(09:27 / All) PIZZAFAN1739: lol
(25:39 / All) PIZZAFAN1739: hehe
(30:06 / All) TEK9: GG
(30:07 / All) TEK9: GG
(30:07 / All) TEK9: GG